 Dungeon Crawl Stone Soup version 0.30-a0-715-gdb4ae3ece1 (webtiles) character file.

Game seed: 17312358343244154954

18152 wormed the Protected (level 12, -2/89 (92) HPs)
             Began as a Gnoll Wanderer on Jan 24, 2023.
             Was an Elder of Cheibriados.
             Slain by a naga
             ... wielding a +0 flail
              (10 damage)
             ... while petrified by a catoblepas
             ... on level 3 of the Lair of Beasts.
             The game lasted 00:22:06 (12645 turns).

wormed the Protected (Gnoll Wanderer)              Turns: 12645, Time: 00:22:07

HP:   -2/89 (92)    AC: 16    Str: 22    XL:     12   Next: 55%
MP:   24/24         EV: -1    Int: 28    God:    Cheibriados [****..]
Gold: 873           SH:  0    Dex: 26    Spells: 24/27 levels left

rFire   + + .      SeeInvis .    b - +3 Elemental Staff {rElec rF++ rC++ AC+5}
rCold   + + .      Faith    .    (no shield)
rNeg    + + +      Spirit   .    E - +0 steam dragon scales
rPois   ∞          Reflect  .    q - +0 helmet
rElec   +          Harm     .    (no cloak)
rCorr   .          Rampage  .    m - +0 pair of gloves
Will    .....                    t - +0 pair of boots
Stlth   ++                       G - amulet of regeneration
HPRegen 1.14/turn                g - +6 ring of intelligence
MPRegen 0.19/turn                i - ring of wizardry

@: lethally poisoned (-2 -> -2), petrified, constricted, lightly drained, very
slow
A: fangs 1, strong nose, distributed training
a: Renounce Religion, Bend Time, Temporal Distortion, Slouch


You were on level 3 of the Lair of Beasts.
You worshipped Cheibriados.
Cheibriados was greatly pleased with you.
You visited 3 branches of the dungeon, and saw 14 of its levels.

You collected 873 gold pieces.

Inventory:

Hand Weapons
 b - the +3 Elemental Staff (weapon) {rElec rF++ rC++ AC+5}
   (You acquired it on level 5 of the Dungeon)

   It enhances your fire, ice, earth and air magic.
   AC:        It affects your AC (+5).
   rF:        It greatly protects you from fire.
   rC:        It greatly protects you from cold.
   rElec:     It insulates you from electricity.
Armour
 m - a +0 pair of gloves (worn)
 q - a +0 helmet (worn)
 t - a +0 pair of boots (worn)
 E - +0 steam dragon scales (worn)
Jewellery
 f - a ring of positive energy
 g - a +6 ring of intelligence (left hand)
 i - a ring of wizardry (right hand)
 n - a ring of magical power
 B - a ring of flight
 F - an amulet of the acrobat
 G - an amulet of regeneration (around neck)
 I - a ring of positive energy
Wands
 r - a wand of digging (5)
 u - a wand of charming (20)
 w - a wand of flame (5)
 D - a wand of roots (9)
Scrolls
 a - a scroll of butterflies {unknown}
 e - 3 scrolls of teleportation
 h - 2 scrolls of vulnerability
 l - 4 scrolls of fear
 o - 3 scrolls of enchant weapon
 C - 3 scrolls of amnesia
Potions
 c - 9 potions of curing
 d - 2 potions of lignification
 j - 6 potions of mutation
 k - 2 potions of berserk rage
 p - 2 potions of magic
 s - 3 potions of brilliance
 v - 3 potions of resistance
 x - a potion of heal wounds
 z - a potion of ambrosia
 A - a potion of flight {unknown}


   Skills:
 + Level 8.1 Fighting
 + Level 7.7 Short Blades
 + Level 7.7 Long Blades
 + Level 7.7 Axes
 + Level 7.7 Maces & Flails
 + Level 9.0 Polearms
 + Level 7.7 Staves
 + Level 7.7 Ranged Weapons
 + Level 8.1 Throwing
 + Level 9.0 Armour
 + Level 7.7 Dodging
 + Level 7.7 Stealth
 + Level 7.7 Shields
 + Level 7.7 Unarmed Combat
 + Level 8.2 Spellcasting
 + Level 6.3 Conjurations
 + Level 6.3 Hexes
 + Level 6.3 Summonings
 + Level 6.3 Necromancy
 + Level 6.3 Translocations
 + Level 6.3 Transmutations
 + Level 6.3 Fire Magic
 + Level 6.3 Ice Magic
 + Level 7.5 Air Magic
 + Level 6.3 Earth Magic
 + Level 6.3 Poison Magic
 + Level 8.8 Invocations
 + Level 7.7 Evocations


You had 24 spell levels left.
You knew the following spells:

 Your Spells              Type           Power      Damage    Failure   Level
a - Hailstorm             Conj/Ice       63%        3d13      1%          3

Your spell library contained the following spells:

 Spells                   Type           Power      Damage    Failure   Level
 Kiss of Death            Conj/Necr      100%       2d13      1%          1
 Summon Small Mammal      Summ           100%       N/A       1%          1
 Blink                    Tloc           94%        N/A       1%          2
 Cigotuvi's Dreadful Rot  Necr/Pois/Air  100%       N/A       1%          2
 Ensorcelled Hibernation  Hex/Ice        100%       N/A       1%          2
 Lesser Beckoning         Tloc           94%        N/A       1%          2
 Momentum Strike          Conj/Tloc      94%        3d10      1%          2
 Poisonous Vapours        Pois/Air       100%       N/A       1%          2
 Call Canine Familiar     Summ           47%        N/A       1%          3
 Confusing Touch          Hex            47%        N/A       1%          3
 Mephitic Cloud           Conj/Pois/Air  65%        N/A       1%          3
 Spider Form              Tmut/Pois      47%        N/A       1%          3
 Summon Guardian Golem    Hex/Summ       47%        N/A       1%          3
 Anguish                  Hex/Necr       23%        N/A       1%          4
 Dispel Undead            Necr           47%        3d18      1%          4
 Sticky Flame             Conj/Fire      63%        2d8       1%          4
 Silence                  Hex/Air        33%        N/A       3%          5


Dungeon Overview and Level Annotations

Branches:
Dungeon (10/15)            Temple (1/1) D:7            Lair (3/5) D:10
 Shoals (0/4) Lair:3        Snake (0/4) Lair:3          Orc (0/2) D:9

Altars:
Ashenzari
Cheibriados
Dithmenos
Elyvilon
Fedhas
Gozag
Hepliaklqana
Kikubaaqudgha
Makhleb
Nemelex Xobeh
Okawaru
Qazlal
Ru
Sif Muna
Trog
Uskayaw
Vehumet
Wu Jian
Xom
Yredelemnul
Zin
The Shining One

Shops:
D:9 *   D:10 :

Annotations:
D:3 3 runed translucent doors, superbruh's ghost, amateur MiFi
D:4 1 runed translucent door, BigDaddyOpFi's ghost, novice GrFi


Innate Abilities, Weirdness & Mutations

You have very sharp teeth.
Your uncanny sense of smell can sniff out nearby items.
Your experience applies equally to all skills.


Message History

The naga spits poison at you. The splash of poison hits you.
You are poisoned.
The naga is engulfed in calcifying dust.
The naga is moving more slowly.
The naga hits you with a +0 flail! The naga grabs you. The naga constricts you.
You have turned to stone.
The naga loses its grip on you.
The naga hits you from afar with a +0 trident!
The naga spits poison at you.
The splash of poison hits you but does no damage.
You resist. The catoblepas gores you!! The naga hits you but does no damage.
The catoblepas gores you.
The naga hits you from afar with a +0 trident!
The naga hits you with a +0 flail. The naga grabs you. The naga constricts you.
The naga stops moving altogether!
The catoblepas gores you!
The naga hits you from afar with a +0 trident.
The naga hits you with a +0 flail! The naga constricts you.
The catoblepas gores you. The naga hits you but does no damage.
The naga hits you with a +0 flail!! The naga constricts you.
* * * LOW HITPOINT WARNING * * *
The catoblepas gores you but does no damage.
The naga hits you from afar with a +0 trident!
* * * LOW HITPOINT WARNING * * *
The naga spits poison at you.
The splash of poison hits you but does no damage.
You resist. The naga constricts you.
The catoblepas breathes a plume of calcifying dust at you.
The blast of calcifying dust hits you.
* * * LOW HITPOINT WARNING * * *
The naga hits you but does no damage. The naga hits you with a +0 flail.
* * * LOW HITPOINT WARNING * * *
The naga constricts you.
* * * LOW HITPOINT WARNING * * *
You are engulfed in calcifying dust.
The catoblepas gores you but does no damage.
The naga hits you from afar with a +0 trident!!
* * * LOW HITPOINT WARNING * * *
The naga hits you with a +0 flail!!
You die...

~~~~~...........###
..~~~~..~~~........#.#
.~~~.....~~~...#..####
.~~$......~~....#.P#
.~~~..>...~~....#.##
.~~....~.N~~~......#
.~~~.N..P~~~~......#
..~~~.NYN~~~.......#
...~~~~@~~....###.##
..#P~~~§~...### ###
#...###..### #...
##..# #.. ..## .. #.##
.


You could see a catoblepas and 4 nagas.

Vanquished Creatures
  A hydra (Lair:3)
  A catoblepas (Lair:1)
  A two-headed ogre (D:10)
  2 boulder beetles (Lair:2)
  2 lindwurms (Lair:1)
  2 black mambas
  3 cane toads
  2 rime drakes
  3 trolls
  A polar bear (Lair:1)
  Grinder (D:6)
  9 blink frogs
  2 wyverns
  27 yaks
  2 basilisks (Lair:2)
  2 steam dragons
  7 wargs
  4 water moccasins
  An orc warrior (D:8)
  A sky beast (D:7)
  2 black bears (D:6)
  3 ice beasts
  2 ogres
  7 centaurs
  2 kobold brigands
  13 bullfrogs
  3 scorpions
  3 killer bees (D:10)
  An electric eel (Lair:2)
  4 howler monkeys (D:8)
  5 jellies
  2 hounds
  A gnoll bouda (D:9)
  4 orc priests
  3 iguanas
  9 orc wizards
  8 gnolls
  8 adders
  A shadow imp (D:7)
  2 white imps
  2 dart slugs
  22 orcs
  7 endoplasms
  A giant cockroach (D:3)
  2 goblins
  9 hobgoblins
  3 jackals (D:3)
  13 kobolds
  4 quokkas
  4 ball pythons
  5 bats
  4 frilled lizards
  4 rats
237 creatures vanquished.

Vanquished Creatures (others)
  8 fungi
  27 plants
35 creatures vanquished.

Grand Total: 272 creatures vanquished

Notes
Turn   | Place    | Note
-------+----------+-------------------------------------------
     0 | D:1      | wormed the Gnoll Wanderer began the quest for the Orb.
     0 | D:1      | wormed set off with the following items: a +0 trident, a +0
                  | ring mail, a potion of curing; and the following spells
                  | available to memorise: Poisonous Vapours, Cigotuvi's
                  | Dreadful Rot.
     0 | D:1      | Reached XP level 1. HP: 17/17 MP: 4/4
   289 | D:1      | Reached XP level 2. HP: 23/23 MP: 5/5
   331 | D:1      | Got Perom's Papyrus of Airy Hurting
   793 | D:2      | Reached XP level 3. HP: 27/28 MP: 7/7
  1589 | D:3      | Reached skill level 1 in Short Blades
  1589 | D:3      | Reached skill level 1 in Long Blades
  1589 | D:3      | Reached skill level 1 in Axes
  1589 | D:3      | Reached skill level 1 in Maces & Flails
  1589 | D:3      | Reached skill level 1 in Staves
  1589 | D:3      | Reached skill level 1 in Ranged Weapons
  1589 | D:3      | Reached skill level 1 in Dodging
  1589 | D:3      | Reached skill level 1 in Stealth
  1589 | D:3      | Reached skill level 1 in Shields
  1589 | D:3      | Reached skill level 1 in Unarmed Combat
  1589 | D:3      | Reached skill level 1 in Evocations
  1649 | D:3      | Reached XP level 4. HP: 34/34 MP: 8/8
  1752 | D:3      | Reached skill level 1 in Conjurations
  1752 | D:3      | Reached skill level 1 in Hexes
  1752 | D:3      | Reached skill level 1 in Summonings
  1752 | D:3      | Reached skill level 1 in Necromancy
  1752 | D:3      | Reached skill level 1 in Translocations
  1752 | D:3      | Reached skill level 1 in Transmutations
  1752 | D:3      | Reached skill level 1 in Fire Magic
  1752 | D:3      | Reached skill level 1 in Ice Magic
  1752 | D:3      | Reached skill level 1 in Earth Magic
  1752 | D:3      | Reached skill level 1 in Poison Magic
  1943 | D:3      | Noticed superbruh's ghost (amateur MiFi)
  2001 | D:3      | Found a runed translucent gate.
  2001 | D:3      | Found a runed translucent gate.
  2001 | D:3      | Found a runed translucent gate.
  2054 | D:3      | Found an iron altar of Okawaru.
  2441 | D:4      | Identified the +10 whip of Sudden Death {spect, rCorr Str+3
                  | Int-4}
  2455 | D:4      | Reached XP level 5. HP: 40/41 MP: 9/9
  2589 | D:4      | Identified the +0 robe "Tenahise" {+Inv}
  2616 | D:4      | Found a runed translucent door.
  2743 | D:4      | Reached XP level 6. HP: 45/47 MP: 9/11
  2843 | D:4      | Reached skill level 5 in Polearms
  2843 | D:4      | Reached skill level 5 in Armour
  2999 | D:4      | Noticed BigDaddyOpFi's ghost (novice GrFi)
  3356 | D:5      | Entered Level 5 of the Dungeon
  3467 | D:5      | Reached XP level 7. HP: 44/52 MP: 12/12
  3645 | D:5      | Noticed a yak
  3647 | D:5      | Noticed a yak
  3647 | D:5      | Noticed a yak
  3647 | D:5      | Noticed a yak
  3648 | D:5      | Noticed a yak
  3682 | D:5      | Killed a yak
  3684 | D:5      | Killed a yak
  3689 | D:5      | Killed a yak
  3690 | D:5      | Reached XP level 8. HP: 25/60 MP: 12/14
  3879 | D:5      | Killed a yak
  3883 | D:5      | Killed a yak
  4228 | D:5      | Identified a scroll of acquirement
  4228 | D:5      | Acquired the +3 Elemental Staff {rElec rF++ rC++ AC+5}
  4228 | D:5      | Found the +3 Elemental Staff {rElec rF++ rC++ AC+5}
  4426 | D:6      | Reached skill level 5 in Air Magic
  4426 | D:6      | Reached skill level 5 in Invocations
  4446 | D:6      | Reached XP level 9. HP: 64/66 MP: 16/16
  4460 | D:6      | Found a broken altar of Ashenzari.
  4532 | D:6      | Noticed Grinder
  4566 | D:6      | Reached skill level 5 in Spellcasting
  4807 | D:6      | Killed Grinder
  4808 | D:6      | Reached skill level 5 in Fighting
  4808 | D:6      | Reached skill level 5 in Throwing
  5196 | D:7      | Found an opulent altar of Gozag.
  5197 | D:7      | Found a sparkling altar of Nemelex Xobeh.
  5294 | D:7      | Found a staircase to the Ecumenical Temple.
  5389 | Temple   | Entered the Ecumenical Temple
  5396 | Temple   | Became a worshipper of Cheibriados the Contemplative
  5662 | D:7      | Learned a level 3 spell: Hailstorm
  6154 | D:7      | Reached skill level 5 in Short Blades
  6154 | D:7      | Reached skill level 5 in Long Blades
  6154 | D:7      | Reached skill level 5 in Axes
  6154 | D:7      | Reached skill level 5 in Maces & Flails
  6154 | D:7      | Reached skill level 5 in Staves
  6154 | D:7      | Reached skill level 5 in Ranged Weapons
  6154 | D:7      | Reached skill level 5 in Dodging
  6154 | D:7      | Reached skill level 5 in Stealth
  6154 | D:7      | Reached skill level 5 in Shields
  6154 | D:7      | Reached skill level 5 in Unarmed Combat
  6154 | D:7      | Reached skill level 5 in Evocations
  6154 | D:7      | Reached XP level 10. HP: 66/76 MP: 18/18
  6751 | D:8      | Reached * piety under Cheibriados
  6923 | D:8      | Identified the +8 dagger of the Insatiable Knives {heavy,
                  | rPois rN+ Dex-5}
  7324 | D:8      | Found a white marble altar of Elyvilon.
  7430 | D:9      | Found Idok's General Store.
  7946 | D:9      | Found a staircase to the Orcish Mines.
  8692 | D:10     | Entered Level 10 of the Dungeon
  8748 | D:10     | Reached ** piety under Cheibriados
  8760 | D:10     | Reached skill level 5 in Conjurations
  8760 | D:10     | Reached skill level 5 in Hexes
  8760 | D:10     | Reached skill level 5 in Summonings
  8760 | D:10     | Reached skill level 5 in Necromancy
  8760 | D:10     | Reached skill level 5 in Translocations
  8760 | D:10     | Reached skill level 5 in Transmutations
  8760 | D:10     | Reached skill level 5 in Fire Magic
  8760 | D:10     | Reached skill level 5 in Ice Magic
  8760 | D:10     | Reached skill level 5 in Earth Magic
  8760 | D:10     | Reached skill level 5 in Poison Magic
  8766 | D:10     | Reached XP level 11. HP: 71/83 MP: 4/21
  8867 | D:10     | Found a basalt altar of Yredelemnul.
  8956 | D:10     | Found Ytuu's Book Shop.
  8971 | D:10     | Noticed a two-headed ogre
  8982 | D:10     | Killed a two-headed ogre
  9135 | D:10     | Found a staircase to the Lair.
  9356 | D:10     | Found a bloodstained altar of Trog.
  9391 | D:10     | Reached *** piety under Cheibriados
  9741 | Lair:1   | Entered Level 1 of the Lair of Beasts
  9777 | Lair:1   | Noticed a lindwurm
  9783 | Lair:1   | Noticed a lindwurm
  9793 | Lair:1   | Killed a lindwurm
  9807 | Lair:1   | Killed a lindwurm
 10191 | Lair:1   | Noticed a catoblepas
 11136 | Lair:2   | Noticed a boulder beetle
 11335 | Lair:1   | Killed a catoblepas
 11471 | Lair:2   | Reached **** piety under Cheibriados
 11472 | Lair:2   | Reached XP level 12. HP: 87/91 MP: 20/23
 11655 | Lair:2   | Noticed a boulder beetle
 11664 | Lair:2   | Killed a boulder beetle
 11703 | Lair:2   | Identified the +2 short sword of Doczoggo {flame, rElec
                  | Dex+2}
 11915 | Lair:2   | Killed a boulder beetle
 12281 | Lair:3   | Noticed a catoblepas
 12473 | Lair:3   | Noticed a six-headed hydra
 12480 | Lair:3   | Killed a six-headed hydra
 12592 | Lair:3   | Found a staircase to the Shoals.
 12633 | Lair:3   | Found a staircase to the Snake Pit.
 12645 | Lair:3   | Slain by a naga

Illustrated notes

Levels and vault maps discovered:
D:1:      heliophobic_arrival_henge, layout_loops_ring
D:2:      layout_basic
D:3:      layout_loops_ring, okawaru_ov_weapons_minmay, gammafunk_ghost_split,
          st_stairs_10
D:4:      layout_basic, gammafunk_ghost_grave, kennysheep_orc_chapel
D:5:      layout_gridville, minmay_misc_feat_alley, grunt_decor_cap
D:6:      layout_basic, amcnicky_altar_gilded, uniq_grinder
D:7:      minmay_octagon_keep, layout_basic, grunt_temple_overflow_opulence,
          minmay_temple_entry_fiery
D:8:      layout_gridville, nicolae_overflow_hidden_temple
D:9:      layout_cave_pools, minmay_orc_entry_guard_dogs, nicolae_stop_n_shop_1
D:10:     layout_roguey, trog_book, mainiacjoe_overflow_small_starburst,
          erik_lair_orcish_takeover, serial_shops, shop_fountains
Temple:   nicolae_temple_no_exploring_needed
Lair:1:   layout_long_grid, nicolae_lair_lindhole
Lair:2:   layout_regular_city, grunt_megastairs_2, serial_bayou_shore_b,
          serial_bayou_shore_a
Lair:3:   layout_cave_shapes, minmay_shoals_entry_centaurs,
          guppyfry_snake_entry_island

Skill      XL: |  1  2  3  4  5  6  7  8  9 10 11 12 |
---------------+-------------------------------------+-----
Short Blades   | 1 2 3 5 6 7 |  7.7
Long Blades    | 1 2 3 5 6 7 |  7.7
Axes           | 1 2 3 5 6 7 |  7.7
Maces & Flails | 1 2 3 5 6 7 |  7.7
Staves         | 1 2 3 5 6 7 |  7.7
Ranged Weapons | 1 2 3 5 6 7 |  7.7
Dodging        | 1 2 3 5 6 7 |  7.7
Stealth        | 1 2 3 5 6 7 |  7.7
Shields        | 1 2 3 5 6 7 |  7.7
Unarmed Combat | 1 2 3 5 6 7 |  7.7
Evocations     | 1 2 3 5 6 7 |  7.7
Spellcasting   | 3 4 5 6 7 8 |  8.2
Conjurations   | 1 2 3 4 5 6 |  6.3
Hexes          | 1 2 3 4 5 6 |  6.3
Summonings     | 1 2 3 4 5 6 |  6.3
Necromancy     | 1 2 3 4 5 6 |  6.3
Translocations | 1 2 3 4 5 6 |  6.3
Transmutations | 1 2 3 4 5 6 |  6.3
Fire Magic     | 1 2 3 4 5 6 |  6.3
Ice Magic      | 1 2 3 4 5 6 |  6.3
Earth Magic    | 1 2 3 4 5 6 |  6.3
Poison Magic   | 1 2 3 4 5 6 |  6.3
Invocations    | 3 4 5 6 7 8 |  8.8
Fighting       | 3 4 5 6 7 8 |  8.1
Throwing       | 3 4 5 6 7 8 |  8.1
Air Magic      | 4 5 6 7 |  7.5
Polearms       | 5 6 7 8 9 |  9.0
Armour         | 5 6 7 8 9 |  9.0

Action                     |  1- 3 |  4- 6 |  7- 9 | 10-12 || total
---------------------------+-------+-------+-------+-------++-------
  Melee: Trident           |    85 |       |       |       ||    85
         Bite              |     6 |    13 |    29 |    47 ||    95
         Spear             |    14 |    77 |       |       ||    91
         Punch             |       |     3 |     2 |    17 ||    22
         Whip              |       |    20 |    31 |       ||    51
         Staff             |       |       |   175 |   273 ||   448
   Cast: Hailstorm         |       |       |     8 |   117 ||   125
  Evoke: Wand              |       |       |     3 |     9 ||    12
    Use: Potion            |       |     1 |       |     3 ||     4
         Scroll            |       |       |    14 |     6 ||    20
   Stab: Sleeping          |     1 |     5 |     5 |       ||    11
 Armour: Ring mail         |    23 |       |       |       ||    23
         Leather armour    |     7 |    37 |    88 |       ||   132
         Steam dragon scal |       |       |     6 |   150 ||   156
  Dodge: Dodged            |    37 |    25 |   129 |   257 ||   448

Table legend: (Time is in decaauts)
 A = Elapsed time spent in this place.
 B = Non-inter-level travel time spent in this place.
 C = Inter-level travel time spent in this place.
 D = Time resting spent in this place.
 E = Time spent auto-exploring this place.
 F = Levels seen in this place.
 G = Mean time per level.
                   A        B        C        D        E       F      G
               +--------+--------+--------+--------+--------+-----+--------+
         Total |  14700 |  13984 |    716 |      0 |  11213 |  14 | 1050.0 |
       Dungeon |  10595 |  10062 |    533 |      0 |   8387 |  10 | 1059.5 |
        Temple |     16 |      9 |      7 |      0 |      0 |   1 |   16.0 |
          Lair |   4087 |   3913 |    174 |      0 |   2826 |   3 | 1362.3 |
               +--------+--------+--------+--------+--------+-----+--------+

Top non-repeatable levels by time:
     D:7: 2053 daAuts
  Lair:1: 2023 daAuts
  Lair:2: 1623 daAuts
    D:10: 1315 daAuts
     D:9: 1137 daAuts
     D:8: 1077 daAuts
     D:4: 961 daAuts
     D:5: 919 daAuts
     D:2: 910 daAuts
     D:3: 777 daAuts
     D:6: 742 daAuts
     D:1: 700 daAuts
  Lair:3: 440 daAuts
  Temple: 16 daAuts
